SNL (28 & UNDER)
BEAUMONT ROUGHNECKS @ WICHITA WRANGLERS
09/26/2029
 
TOP OF THE 1ST
Beaumont Roughnecks batting - Pitching for Wichita Wranglers : LHP António Ruíz
Pitching: LHP António Ruíz
Batting: RHB John James 0-0: Ball
1-0: Called Strike
1-1: SINGLE (Groundball, 6MD)
Batting: RHB Jeff Mason 0-0: Called Strike
0-1: Swinging Strike
0-2: Strikes out swinging
Batting: LHB Roberto Félix 0-0: Called Strike
0-1: Called Strike
0-2: Strikes out swinging
Batting: RHB Roger Rush 0-0: Ball
1-0: Ball
John James steals 2nd base
2-0: Called Strike
2-1: Foul Ball, location: 2F
2-2: Ball
3-2: 2-RUN HOME RUN (Flyball, 7LD), Distance : 334 ft
Batting: LHB Enrique Cruz 0-0: Fly out, F7 (Flyball, 78S)
Top of the 1st over - 2 runs, 2 hits, 0 errors, 0 left on base; Beaumont 2 - Wichita 0
BOTTOM OF THE 1ST
Wichita Wranglers batting - Pitching for Beaumont Roughnecks : LHP Manuel Santiago
Pitching: LHP Manuel Santiago
Batting: LHB Dudley Cooper 0-0: Called Strike
0-1: Ball
1-1: Ground out 3-1 (Groundball, 34S)
Batting: LHB Al Miller 0-0: Ball
1-0: Swinging Strike
1-1: Ball
2-1: Ground out 5-3 (Groundball, 56)
Batting: RHB Stan Taylor 0-0: Called Strike
0-1: Swinging Strike
0-2: Foul Ball, location: 2F
0-2: Foul Ball, location: 2F
0-2: Ground out 4-3 (Groundball, 34)
Bottom of the 1st over - 0 runs, 0 hits, 0 errors, 0 left on base; Beaumont 2 - Wichita 0
TOP OF THE 2ND
Beaumont Roughnecks batting - Pitching for Wichita Wranglers : LHP António Ruíz
Batting: RHB Marvin Johnson 0-0: Ball
1-0: Foul Ball, location: 2F
1-1: Ground out 5-3 (Groundball, 5L)
Batting: RHB António Aguilar 0-0: Foul Ball, location: 2F
0-1: Ball
1-1: Ground out 5-3 (Groundball, 56)
Batting: RHB Miguel Costa 0-0: Foul Ball, location: 2F
0-1: Ball
1-1: Ball
2-1: Foul Ball, location: 2F
2-2: Ball
3-2: Strikes out swinging
Top of the 2nd over - 0 runs, 0 hits, 0 errors, 0 left on base; Beaumont 2 - Wichita 0
BOTTOM OF THE 2ND
Wichita Wranglers batting - Pitching for Beaumont Roughnecks : LHP Manuel Santiago
Batting: LHB John Lynch 0-0: Ball
1-0: Fly out, F5 (Popup, 5SF)
Batting: RHB Ricardo Velásquez 0-0: Foul Ball, location: 2F
0-1: Swinging Strike
0-2: Ball
1-2: Strikes out swinging
Batting: LHB Milo Powers 0-0: Ball
1-0: Foul Ball, location: 2F
1-1: Ball
2-1: Swinging Strike
2-2: Strikes out swinging
Bottom of the 2nd over - 0 runs, 0 hits, 0 errors, 0 left on base; Beaumont 2 - Wichita 0
TOP OF THE 3RD
Beaumont Roughnecks batting - Pitching for Wichita Wranglers : LHP António Ruíz
Batting: SHB Walton Locke 0-0: Ball
1-0: Called Strike
1-1: Fly out, F7 (Line Drive, 78M)
Batting: RHB John James 0-0: Ball
1-0: Ball
2-0: Called Strike
2-1: Called Strike
2-2: DOUBLE (Groundball, 5L)
Batting: RHB Jeff Mason 0-0: Ball
John James is caught stealing 3rd base
1-0: Called Strike
1-1: Foul Ball, location: 2F
1-2: Foul Ball, location: 2F
1-2: Ball
2-2: Foul Ball, location: 2F
2-2: Foul Ball, location: 2F
2-2: Foul Ball, location: 2F
2-2: Ball
3-2: SINGLE (Flyball, 9LS)
Batting: LHB Roberto Félix 0-0: SINGLE (Groundball, 56D)
Jeff Mason to second
Batting: RHB Roger Rush 0-0: Foul Ball, location: 2F
0-1: Ball
1-1: Called Strike
1-2: Ball
2-2: Ground out 1-3 (Groundball, 13S)
Top of the 3rd over - 0 runs, 3 hits, 0 errors, 2 left on base; Beaumont 2 - Wichita 0
BOTTOM OF THE 3RD
Wichita Wranglers batting - Pitching for Beaumont Roughnecks : LHP Manuel Santiago
Batting: RHB Hubert MacDonald 0-0: Ball
1-0: Swinging Strike
1-1: Ball
2-1: SINGLE (Flyball, 78M)
Batting: RHB Julián Espinoza 0-0: Called Strike
0-1: Ball
1-1: Called Strike
1-2: Strikes out swinging
Batting: RHB Miguel García 0-0: Foul Ball, location: 2F
0-1: Called Strike
0-2: Foul Ball, location: 2F
0-2: Strikes out swinging
Batting: LHB Dudley Cooper 0-0: Foul Ball, location: 2F
0-1: SINGLE (Line Drive, 4D)
Hubert MacDonald to second
Runner from 2nd tries for 3rd, SAFE, no throw
Batting: LHB Al Miller 0-0: Called Strike
0-1: Fly out, F9 (Line Drive, 9LM)
Bottom of the 3rd over - 0 runs, 2 hits, 0 errors, 2 left on base; Beaumont 2 - Wichita 0
TOP OF THE 4TH
Beaumont Roughnecks batting - Pitching for Wichita Wranglers : LHP António Ruíz
Batting: LHB Enrique Cruz 0-0: Called Strike
0-1: Ball
1-1: Foul Ball, location: 2F
1-2: Ball
2-2: Ground out 6-3 (Groundball, 56)
Batting: RHB Marvin Johnson 0-0: Called Strike
0-1: Fly out, F5 (Popup, 5SF)
Batting: RHB António Aguilar 0-0: Ball
1-0: Called Strike
1-1: Ball
2-1: Ground out 3-1 (Groundball, 34)
Top of the 4th over - 0 runs, 0 hits, 0 errors, 0 left on base; Beaumont 2 - Wichita 0
BOTTOM OF THE 4TH
Wichita Wranglers batting - Pitching for Beaumont Roughnecks : LHP Manuel Santiago
Batting: RHB Stan Taylor 0-0: Ball
1-0: Ball
2-0: Foul Ball, location: 2F
2-1: Fly out, F9 (Line Drive, 9S)
Batting: LHB John Lynch 0-0: Called Strike
0-1: Ball
1-1: Called Strike
1-2: Foul Ball, location: 2F
1-2: Ball
2-2: Foul Ball, location: 2F
2-2: Foul Ball, location: 2F
2-2: Ground out 4-3 (Groundball, 4)
Batting: RHB Ricardo Velásquez 0-0: Called Strike
0-1: Ball
1-1: SINGLE (Line Drive, 7S)
Batting: LHB Milo Powers 0-0: Called Strike
0-1: 2-RUN HOME RUN (Flyball, 9LD), Distance : 347 ft
Batting: RHB Hubert MacDonald 0-0: Fly out, F4 (Flyball, 4D)
Bottom of the 4th over - 2 runs, 2 hits, 0 errors, 0 left on base; Beaumont 2 - Wichita 2
TOP OF THE 5TH
Beaumont Roughnecks batting - Pitching for Wichita Wranglers : LHP António Ruíz
Batting: RHB Miguel Costa 0-0: Ball
1-0: Ball
2-0: Ground out 5-3 (Groundball, 56)
Batting: SHB Walton Locke 0-0: Ball
1-0: Ball
2-0: Ball
3-0: Base on Balls
Batting: RHB John James 0-0: Ball
1-0: TRIPLE (Flyball, 8LXD)
Walton Locke scores
Batting: RHB Jeff Mason 0-0: Fly out, F4 (Popup, 4MD)
Batting: LHB Roberto Félix 0-0: Foul Ball, location: 2F
0-1: Ball
1-1: Ball
2-1: Ball
3-1: Foul Ball, location: 2F
3-2: Ground out 6-3 (Groundball, 6S)
Top of the 5th over - 1 run, 1 hit, 0 errors, 1 left on base; Beaumont 3 - Wichita 2
BOTTOM OF THE 5TH
Wichita Wranglers batting - Pitching for Beaumont Roughnecks : LHP Manuel Santiago
Batting: RHB Julián Espinoza 0-0: Ball
1-0: Ball
2-0: Called Strike
2-1: Ground out 5-3 (Groundball, 56S)
Batting: RHB Miguel García 0-0: SINGLE (Flyball, 8LS)
Batting: LHB Dudley Cooper 0-0: Ball
1-0: 2-RUN HOME RUN (Line Drive, 9LD), Distance : 363 ft
Batting: LHB Al Miller 0-0: Ball
1-0: Ball
2-0: Foul Ball, location: 2F
2-1: Ball
3-1: Called Strike
3-2: Base on Balls
Batting: RHB Stan Taylor 0-0: Called Strike
0-1: Ball
1-1: Ball
Al Miller is caught stealing 2nd base
2-1: Ball
3-1: Called Strike
3-2: Base on Balls
Batting: LHB John Lynch 0-0: Foul Ball, location: 2F
0-1: Ball
1-1: Ball
2-1: Ball
3-1: Ground out 1-3 (Groundball, 13S)
Bottom of the 5th over - 2 runs, 2 hits, 0 errors, 1 left on base; Beaumont 3 - Wichita 4
TOP OF THE 6TH
Beaumont Roughnecks batting - Pitching for Wichita Wranglers : LHP António Ruíz
Batting: RHB Roger Rush 0-0: Swinging Strike
0-1: Foul Ball, location: 2F
0-2: Foul Ball, location: 2F
0-2: Ball
1-2: Ball
2-2: Foul Ball, location: 2F
2-2: Ball
3-2: Strikes out swinging
Batting: LHB Enrique Cruz 0-0: Fly out, F7 (Flyball, 7D)
Batting: RHB Marvin Johnson 0-0: Foul Ball, location: 2F
0-1: Swinging Strike
0-2: Foul Ball, location: 2F
0-2: Strikes out swinging
Top of the 6th over - 0 runs, 0 hits, 0 errors, 0 left on base; Beaumont 3 - Wichita 4
BOTTOM OF THE 6TH
Wichita Wranglers batting - Pitching for Beaumont Roughnecks : LHP Manuel Santiago
Pitching: RHP Fernando Guzmán
Batting: RHB Ricardo Velásquez 0-0: Ball
1-0: Ball
2-0: Ground out U3 (Groundball, 34S)
Batting: LHB Milo Powers 0-0: Ball
1-0: Called Strike
1-1: Foul Ball, location: 2F
1-2: Foul Ball, location: 2F
1-2: Ball
2-2: Ball
3-2: Fly out, F6 (Popup, 6)
Batting: RHB Hubert MacDonald 0-0: Called Strike
0-1: Swinging Strike
0-2: Ball
1-2: Strikes out swinging
Bottom of the 6th over - 0 runs, 0 hits, 0 errors, 0 left on base; Beaumont 3 - Wichita 4
TOP OF THE 7TH
Beaumont Roughnecks batting - Pitching for Wichita Wranglers : LHP António Ruíz
Batting: RHB António Aguilar 0-0: Called Strike
0-1: Foul Ball, location: 2F
0-2: Ball
1-2: Ball
2-2: Ball
3-2: Fly out, F9 (Flyball, 9LM)
Batting: RHB Miguel Costa 0-0: Foul Ball, location: 2F
0-1: Ball
1-1: Swinging Strike
1-2: Strikes out swinging, 2-3 out at first.
Batting: SHB Walton Locke 0-0: Called Strike
0-1: Fly out, F9 (Flyball, 9S)
Top of the 7th over - 0 runs, 0 hits, 0 errors, 0 left on base; Beaumont 3 - Wichita 4
BOTTOM OF THE 7TH
Wichita Wranglers batting - Pitching for Beaumont Roughnecks : RHP Fernando Guzmán
Batting: RHB Julián Espinoza 0-0: Ball
1-0: Called Strike
1-1: Foul Ball, location: 2F
1-2: Ball
2-2: Ball
3-2: Strikes out swinging
Batting: RHB Miguel García 0-0: Called Strike
0-1: Foul Ball, location: 2F
0-2: Strikes out swinging
Batting: LHB Dudley Cooper 0-0: Foul Ball, location: 2F
0-1: Ball
1-1: Fly out, F9 (Line Drive, 89M)
Bottom of the 7th over - 0 runs, 0 hits, 0 errors, 0 left on base; Beaumont 3 - Wichita 4
TOP OF THE 8TH
Beaumont Roughnecks batting - Pitching for Wichita Wranglers : LHP António Ruíz
Pitching: RHP Pedro Rivera
Batting: RHB John James 0-0: Ground out 5-3 (Groundball, 56S)
Batting: RHB Jeff Mason 0-0: Ball
1-0: Foul Ball, location: 2F
1-1: Foul Ball, location: 2F
1-2: Strikes out looking
Batting: LHB Roberto Félix 0-0: Ball
1-0: SINGLE (Flyball, 78S)
Batting: RHB Roger Rush 0-0: SINGLE (Line Drive, 6D)
Roberto Félix to second
Batting: LHB Enrique Cruz 0-0: Called Strike
0-1: Called Strike
0-2: Foul Ball, location: 2F
0-2: Ball
1-2: Ball
2-2: Ball
3-2: Base on Balls
Roberto Félix to third
Roger Rush to second
Batting: RHB Marvin Johnson 0-0: Called Strike
0-1: Foul Ball, location: 2F
0-2: Strikes out looking
Top of the 8th over - 0 runs, 2 hits, 0 errors, 3 left on base; Beaumont 3 - Wichita 4
BOTTOM OF THE 8TH
Wichita Wranglers batting - Pitching for Beaumont Roughnecks : RHP Fernando Guzmán
Batting: LHB Al Miller 0-0: Ball
1-0: Ball
2-0: Foul Ball, location: 2F
2-1: Foul Ball, location: 2F
2-2: Ball
3-2: Foul Ball, location: 2F
3-2: SINGLE (Line Drive, 56)
Batting: RHB Stan Taylor 0-0: Fielders Choice at 2nd, 4-6 (Groundball, 34)
Pinch Hitting: LHB Glenn Williamson 0-0: Ball
1-0: Called Strike
1-1: Ball
2-1: Foul Ball, location: 2F
2-2: Ball
3-2: Ground out 1-3 (Groundball, P)
Stan Taylor to second
Batting: RHB Ricardo Velásquez 0-0: Called Strike
0-1: Ball
1-1: Foul Ball, location: 2F
1-2: Ground out 6-3 (Groundball, 6)
Bottom of the 8th over - 0 runs, 1 hit, 0 errors, 1 left on base; Beaumont 3 - Wichita 4
TOP OF THE 9TH
Beaumont Roughnecks batting - Pitching for Wichita Wranglers : RHP Pedro Rivera
Pitching: RHP Javier Pacheco
Now at 2B: Lewis Woods
Now in CF: Glenn Williamson
Batting: RHB António Aguilar 0-0: Foul Ball, location: 2F
0-1: Called Strike
0-2: Ground out 5-3 (Groundball, 5)
Batting: RHB Miguel Costa 0-0: Ball
1-0: Ball
2-0: Fly out, F4 (Line Drive, 4)
Batting: SHB Walton Locke 0-0: Ball
1-0: Called Strike
1-1: Called Strike
1-2: SINGLE (Flyball, 7LS)
Batting: RHB John James 0-0: Ball
Wild Pitch!
Walton Locke to second
1-0: DOUBLE (Flyball, 89D)
Walton Locke scores
Pitching: RHP John Brock
Batting: RHB Jeff Mason 0-0: Fly out, F8 (Flyball, 8RM)
Top of the 9th over - 1 run, 2 hits, 0 errors, 1 left on base; Beaumont 4 - Wichita 4
BOTTOM OF THE 9TH
Wichita Wranglers batting - Pitching for Beaumont Roughnecks : RHP Fernando Guzmán
Batting: LHB Milo Powers 0-0: Ball
1-0: Ball
2-0: Ball
3-0: Called Strike
3-1: Called Strike
3-2: Base on Balls
Batting: RHB Hubert MacDonald 0-0: Ball
1-0: Foul Ball, location: 2F
1-1: Swinging Strike
1-2: Strikes out swinging
Pinch Hitting: LHB Terry Neal 0-0: Called Strike
0-1: Foul Ball, location: 2F
0-2: Strikes out swinging
Pitching: RHP César Sánchez
Batting: RHB Miguel García 0-0: Called Strike
0-1: Fly out, F7 (Flyball, 78D)
Bottom of the 9th over - 0 runs, 0 hits, 0 errors, 1 left on base; Beaumont 4 - Wichita 4
TOP OF THE 10TH
Beaumont Roughnecks batting - Pitching for Wichita Wranglers : RHP John Brock
Now at SS: Terry Neal
Batting: LHB Roberto Félix 0-0: Called Strike
0-1: Ball
1-1: Ball
2-1: Called Strike
2-2: Ball
3-2: Base on Balls
Batting: RHB Roger Rush 0-0: Ball
1-0: Called Strike
Roberto Félix steals 2nd base
1-1: Called Strike
1-2: Foul Ball, location: 2F
1-2: Ball
2-2: Fly out, F8 (Flyball, 8RM)
Batting: LHB Enrique Cruz 0-0: Fly out, F8 (Line Drive, 89XD)
Runner from 2nd tags up, SAFE at 3rd, no throw
Batting: RHB Marvin Johnson 0-0: Ball
1-0: Foul Ball, location: 2F
1-1: Ball
2-1: Ball
3-1: Base on Balls
Batting: RHB António Aguilar 0-0: Ball
1-0: Swinging Strike
1-1: Foul Ball, location: 2F
1-2: Ball
2-2: Ground out 6-3 (Groundball, 6)
Top of the 10th over - 0 runs, 0 hits, 0 errors, 2 left on base; Beaumont 4 - Wichita 4
BOTTOM OF THE 10TH
Wichita Wranglers batting - Pitching for Beaumont Roughnecks : RHP César Sánchez
Batting: LHB Dudley Cooper 0-0: Ball
1-0: Ball
2-0: Called Strike
2-1: Ball
3-1: Called Strike
3-2: Foul Ball, location: 2F
3-2: Foul Ball, location: 2F
3-2: SINGLE (Groundball, 4MD)
Batting: LHB Al Miller 0-0: Swinging Strike
0-1: Swinging Strike
0-2: Ball
1-2: Ball
Wild Pitch!
Dudley Cooper to second
2-2: Foul Ball, location: 2F
2-2: Foul Ball, location: 2F
2-2: Foul Ball, location: 2F
2-2: Foul Ball, location: 2F
2-2: Fly out, F8 (Line Drive, 89D)
Runner from 2nd tags up, SAFE at 3rd with throw
Batting: SHB Lewis Woods 0-0: Intentional Walk
Batting: LHB Glenn Williamson 0-0: Ball
1-0: Foul Ball, location: 2F
1-1: Ball
2-1: Ball
3-1: SINGLE (Flyball, 89M)
Dudley Cooper scores
Saturday, December 16th, 2017 - OOTP Baseball 18.8 Build 76